 Dungeon Crawl Stone Soup version 0.30-a0-534-gdc55766716 (webtiles) character file.

Game seed: 11957724573636194878

249 Newt the Trooper (level 5, -2/44 HPs)
             Began as a Demonspawn Gladiator on Dec 24, 2022.
             Frozen to death by an endoplasm (4 damage)
             ... on level 3 of the Dungeon.
             The game lasted 00:03:55 (3128 turns).

Newt the Trooper (Demonspawn Gladiator)             Turns: 3128, Time: 00:03:56

Health: -2/44      AC:  7    Str: 16    XL:     5   Next: 87%
Magic:  5/5        EV: 10    Int:  9    God:
Gold:   101        SH:  0    Dex: 15    Spells: 4/4 levels left

rFire   . . .      SeeInvis .    a - +1 rapier
rCold   . . .      Faith    .    (no shield)
rNeg    . . .      Spirit   .    i - +2 scale mail {rPois}
rPois   +          Reflect  .    j - +2 helmet
rElec   .          Harm     .    (no cloak)
rCorr   .          Rampage  .    (no gloves)
Will    .....                    (no boots)
Stlth   +                        (no amulet)
HPRegen 0.27/turn                (no ring)
MPRegen 0.09/turn                (no ring)

@: corroded
A: foul stench 1, demonic magic 2
a: no special abilities


You were on level 3 of the Dungeon.
You visited 1 branch of the dungeon, and saw 4 of its levels.

You collected 101 gold pieces.

Inventory:

Hand Weapons
 a - a +1 rapier (weapon)
Missiles
 d - a throwing net (quivered)
Armour
 b - a +0 leather armour
 c - a +0 helmet
 i - a +2 scale mail of poison resistance (worn)
 j - a +2 helmet (worn)
Scrolls
 m - a scroll of enchant weapon
 o - a scroll of amnesia {unknown}
Potions
 f - a potion of might
 g - 5 potions of curing
 h - a potion of berserk rage {unknown}
 k - a potion of lignification
 l - a potion of degeneration {unknown}


   Skills:
 - Level 5.0 Fighting
 - Level 2.6 Short Blades
 - Level 1.7 Throwing
 + Level 1.3 Armour
 - Level 2.6 Dodging
 - Level 3.0 Stealth


You had 4 spell levels left.
You didn't know any spells.
Your spell library contained the following spells:

 Spells                   Type           Power      Damage    Failure   Level
 Sandblast                Erth           0%         2d4       83%         1
 Passwall                 Tmut/Erth      0%         N/A       92%         2
 Stone Arrow              Conj/Erth      0%         3d7       99%         3


Dungeon Overview and Level Annotations

Branches:
Dungeon (4/15)
 Temple: D:4-7

Altars:


Innate Abilities, Weirdness & Mutations

You may rarely emit foul miasma when damaged in melee.
Spells you cast may paralyse nearby enemies.


Message History

You hit the jelly. The acid corrodes you!
Your hands burn!
The jelly is heavily wounded.
The jelly hits you.
You are splashed with acid!
You emit a cloud of foul miasma!
The endoplasm hits you but does no damage.
You hit the jelly but do no damage.
Your hands burn!
* * * LOW HITPOINT WARNING * * *
The jelly is heavily wounded.
The jelly is engulfed in dark miasma.
The jelly closely misses you. The endoplasm freezes you.
You are frozen.
* * * LOW HITPOINT WARNING * * *
Throw: javelin
Press: ? - help, Shift-Dir - straight line, f - jelly
Aim: a jelly (foul pestilence, almost dead, 90% to hit)
You throw a javelin. The javelin pierces through the jelly.
You kill the jelly!
The endoplasm freezes you.
You are frozen.
* * * LOW HITPOINT WARNING * * *
Your Armour skill increases to level 1!
Unknown command.
You hit the endoplasm.
The endoplasm is lightly wounded.
The endoplasm freezes you.
You are frozen.
* * * LOW HITPOINT WARNING * * *
Throw: 2 throwing nets
Press: ? - help, Q - select action Shift-Dir - straight line, f - endoplasm
Aim: an endoplasm (lightly wounded, 86% to hit)
You throw a throwing net. The throwing net hits the endoplasm.
The endoplasm is caught in the net!
The endoplasm is lightly wounded.
The endoplasm struggles against the net.
You hit the endoplasm but do no damage.
The endoplasm is lightly wounded.
The endoplasm struggles against the net.
The endoplasm freezes you.
You are frozen.
You die...

#.#...#...#...#...#.##.#
#..#.#.#.#.#.#.#.#..##.#
##..#...#.#.#...#..###.#
###..#.#.#.#.#.#..####.#
#.##..#...#...#..##..#.#
..###..#.#.#.#.[##.#.#.# ..#
##..#...#..##.(....#####
..#.###.......##.☼.###.<...#
....#
##########@J...#.)......#
........ #.#.#.#.#.......
.#####.. #...[.#.#....... (#
. #.#.#.#.##..##.. ...!.
#.......# ..# . .####
###.#.#.# ... ....
#........... .##. #.. .....
.# # #.. #.


You could see an endoplasm (caught).

Vanquished Creatures
  3 jellies
  Robin (D:1)
  4 gnolls (D:3)
  2 adders
  A worm (D:3)
  2 dart slugs (D:2)
  5 orcs (D:3)
  5 ball pythons
  6 endoplasms
  7 hobgoblins
  18 kobolds
  A quokka (D:1)
  3 bats
  3 frilled lizards
  15 goblins
  5 rats
81 creatures vanquished.

Vanquished Creatures (others)
  9 fungi (D:2)
  6 plants (D:2)
  5 toadstools (D:2)
20 creatures vanquished.

Grand Total: 101 creatures vanquished

Notes
Turn   | Place    | Note
-------+----------+-------------------------------------------
     0 | D:1      | Newt the Demonspawn Gladiator began the quest for the Orb.
     0 | D:1      | Reached XP level 1. HP: 16/16 MP: 1/1
   145 | D:1      | Reached skill level 1 in Stealth
   310 | D:1      | Gained mutation: Spells you cast may paralyse adjacent
                  | enemies. [demonic ancestry]
   310 | D:1      | Reached XP level 2. HP: 22/22 MP: 2/2
  1123 | D:2      | Noticed Robin
  1135 | D:1      | Reached XP level 3. HP: 17/27 MP: 3/3
  1488 | D:1      | Killed Robin
  1789 | D:2      | Reached skill level 3 in Fighting
  1789 | D:2      | Gained mutation: You may rarely emit foul miasma when
                  | damaged in melee. [demonic ancestry]
  1789 | D:2      | Reached XP level 4. HP: 35/35 MP: 4/4
  2004 | D:2      | You fall into a shaft and drop 2 floors!
  2347 | D:3      | HP: 1/37 [gnoll/+0 whip (7)]
  2348 | D:3      | Reached skill level 4 in Fighting
  2351 | D:3      | Gained mutation: Spells you cast may paralyse nearby
                  | enemies. [demonic ancestry]
  2351 | D:3      | Reached XP level 5. HP: 2/42 MP: 5/5
  2942 | D:3      | Reached skill level 5 in Fighting
  3126 | D:3      | Reached skill level 1 in Armour
  3126 | D:3      | HP: 1/44 [frozen (4)]
  3128 | D:3      | Frozen to death by an endoplasm

Illustrated notes

Levels and vault maps discovered:
D:1:      ncdulo_smallfort, layout_basic, nrook_mini_backslash
D:2:      cheibrodos_fertilizer, layout_basic, st_stairs_8,
          dreamdust_wishing_well, lexackson_kobold_supper, uniq_robin
D:3:      layout_basic, mainiacjoe_overflow_catwalk, kennysheep_cluttered_room,
          minmay_misc_feat_five, uniq_sigmund
D:4:      layout_gridville, serial_shops, nicolae_diamond_shop,
          eino_small_chamber_without_monster, uniq_duvessa, uniq_ijyb

Skill      XL: |  1  2  3  4  5 |
---------------+----------------+-----
Stealth        | 1 2 3 |  3.0
Fighting       | 3 4 5 |  5.0
Armour         | 1 |  1.3
Short Blades   | |  2.6
Throwing       | |  1.7
Dodging        | |  2.6

Action                   |  1- 3 |  4- 6 || total
-------------------------+-------+-------++-------
Melee: Rapier            |   118 |   147 ||   265
       Punch             |     2 |     1 ||     3
Throw: Throwing net      |       |     3 ||     3
       Javelin           |       |     1 ||     1
  Use: Scroll            |       |     5 ||     5
       Potion            |       |     3 ||     3
 Stab: Sleeping          |     2 |     1 ||     3
       Held in net/web   |       |     1 ||     1
Armor: Leather armour    |    50 |     9 ||    59
       Scale mail        |       |    79 ||    79
Dodge: Dodged            |   127 |   101 ||   228

Table legend: (Time is in decaauts)
 A = Elapsed time spent in this place.
 B = Non-inter-level travel time spent in this place.
 C = Inter-level travel time spent in this place.
 D = Time resting spent in this place.
 E = Time spent auto-exploring this place.
 F = Levels seen in this place.
 G = Mean time per level.
                   A        B        C        D        E       F      G
               +--------+--------+--------+--------+--------+-----+--------+
         Total |   3152 |   3055 |     97 |   1031 |   1389 |   4 |  788.0 |
       Dungeon |   3152 |   3055 |     97 |   1031 |   1389 |   4 |  788.0 |
               +--------+--------+--------+--------+--------+-----+--------+

Top non-repeatable levels by time:
     D:1: 1619 daAuts
     D:3: 868 daAuts
     D:2: 661 daAuts
     D:4: 2 daAuts
